Connexion

Wild vs Marlies

Created - 20 septembre 2023 at 05:49

Goals
1 2 3 T
Wild 2 2 1 5
Marlies 0 3 0 3
Shots
1 2 3 T
Wild 10 13 18 41
Marlies 8 13 8 29

GoalsPenalties
1st period
1. Wild , Jeremy Gregoire 8 (Ben Thomas 10) at 3:54
2. Wild , Joseph Gambardella 10 (Michael Mersch 4, Jalen Chatfield 15) at 14:22 (SH)
Ian McCoshen (TOR) for Holding (Minor) at 9:21
Mitchell Heard (TOR) for Hooking (Minor) at 11:23
Kasper Bjorkqvist (IOW) for Slashing (Double Minor) at 11:23
Yegor Rykov (TOR) for Holding (Minor) at 18:54
Taylor Raddysh (IOW) for Holding (Minor) at 18:54
2nd period
3. Marlies , Brad Malone 8 (Tim Schaller 8, Calvin De Haan 14) at 1:37
4. Wild , Lukas Jasek 2 (Eemeli Rasanen 4, Kasper Bjorkqvist 8) at 3:57
5. Wild , Anders Bjork 3 (Anthony Louis 10, Ben Gleason 17) at 4:33
6. Marlies , Cal O'Reilly 11 (Max McCormick 11) at 11:34
7. Marlies , Tim Schaller 6 (Brad Malone 13, Dominik Simon 5) at 12:08
Tanner Pearson (IOW) for Tripping (Minor) at 17:39
3rd period
8. Wild , Kasper Bjorkqvist 8 (Lukas Jasek 9, Michael Mersch 5) at 7:56
Calvin De Haan (TOR) for Holding (Minor) at 5:13
Jeremy Gregoire (IOW) for Holding (Minor) at 10:31
Ian McCoshen (TOR) for Roughing (Minor) at 13:29
Mitchell Heard (TOR) for Hooking (Minor) at 17:27
Goalie Stats
Maxime Lagace (IOW), 26 saves from 29 shots - (0,897), W, 10-1-0, 60:00 minutes
Cale Morris (TOR), 15 saves from 16 shots - (0,938), 25:56 minutes
Daniel Mannella (TOR), 21 saves from 25 shots - (0,840), L, 8-8-2, 34:04 minutes
3 StarsOfficial
1 - Michael Mersch (IOW)
2 - Lukas Jasek (IOW)
3 - Joseph Gambardella (IOW)
Referees : Dennis LaRue and Frederick L'Ecuyer
Linesman : Derek Nansen and Derek Amell
Game Note
Cale Morris enters game at 4:33 of 2nd period
Cale Morris is injured at 10:29 of 3rd period (Head)
Daniel Mannella enters game at 10:29 of 3rd period
Finance
Level 1 -- Attendance: 2000 (100,00%) -- Ticket Income 30 000 $
Level 2 -- Attendance: 1000 (100,00%) -- Ticket Income 10 000 $
Total Attendance: 3000 (100,00%)
Total Ticket Income: 40 000 $
Other Income: 8 000 $
Total Income: 48 000 $



Team Name Goals Shots Shots Attemp Shots Blocked PIM HIT PP PK FO%
Wild 54167910310 / 4 (0%)046%
Marlies 32964512140 / 3 (0%)054%

Wild
Player Name POS G A P +/- PIM HIT SHT SB MP PP MP PP SHT PK MP PK SHT FO% FOT
Anders BjorkLW/RW101-2027023:523:5103:4510% 1
Anthony LouisC/LW011-2014020:083:5111:15041% 29
Antti SuomelaC000000001:130:0000:43050% 2
Ben GleasonD011-2022224:453:3012:5210% 0
Ben ThomasD0112011122:214:2612:4300% 0
Danick MartelC/LW000001103:060:0000:00050% 4
Dillon SimpsonD000-2021124:453:3002:5200% 0
Eemeli RasanenD0112011112:540:0000:2300% 0
Jalen ChatfieldD0112031122:214:2612:4300% 0
Jeremy GregoireC/LW/RW1011214017:494:0510:000100% 1
Joseph GambardellaC/LW1012012021:024:0501:50148% 25
Kasper BjorkqvistLW/RW1122422011:360:0000:0000% 1
Lukas JasekC/RW1122002011:370:0000:00033% 15
Michael MerschLW/RW0223044013:250:0001:48167% 3
Ryan KuffnerLW000000003:060:0000:0000% 0
Scott WalfordD0002012112:540:0000:2300% 0
Tanner PearsonLW000-2262025:173:5102:35164% 11
Taylor RaddyshRW0001235217:494:0540:0000% 0
Marlies
Player Name POS G A P +/- PIM HIT SHT SB MP PP MP PP SHT PK MP PK SHT FO% FOT
Brad Malone C/LW112-1064025:412:3403:48061% 36
Cal O'ReillyC1010004023:323:2412:42052% 31
Calvin De HaanD0112211024:482:3003:4000% 0
Dominik SimonC/LW/RW0111003025:341:5404:20075% 4
Dylan BlujusD0001003125:373:1013:4800% 0
Ian McCoshenD000-1420218:582:4801:3500% 0
Josh WesleyD000-3000013:501:0000:0000% 0
Kristian VesalainenLW/RW000-2003110:420:0001:5200% 0
Loui ErikssonLW/RW0000002019:573:2410:0000% 1
Mathias Brome LW000-100107:350:0000:0000% 0
Max McCormickC/LW0110033023:323:2412:4200% 2
Mitchell HeardC000-140007:330:0000:00057% 7
Skyler McKenzieLW000000000:140:0000:1400% 0
Tim McGauleyC000-100002:560:4000:0000% 0
Tim SchallerC/LW/RW1121001011:582:3400:1400% 1
Tyler LewingtonD000-1022021:282:2804:2300% 0
Victor EjdsellC000-200208:500:0000:00050% 10
Yegor RykovD000-2200115:150:0002:2600% 0



Play-by-Play

1st period


0:01 of 1st period - Brad Malone wins face-off versus Anthony Louis in neutral zone.
0:01 of 1st period - Brad Malone is hit by Tanner Pearson.
0:17 of 1st period - Shot by Brad Malone .
0:17 of 1st period - Shot Misses the Net.
0:39 of 1st period - Shot by Dominik Simon.
0:39 of 1st period - Stopped by Maxime Lagace without a rebound.
0:40 of 1st period - Joseph Gambardella wins face-off versus Max McCormick in Wild zone.
0:45 of 1st period - Shot by Taylor Raddysh.
0:45 of 1st period - Shot Misses the Net.
1:05 of 1st period - Shot by Max McCormick.
1:05 of 1st period - Stopped by Maxime Lagace with a rebound.
1:57 of 1st period - Icing by Eemeli Rasanen.
1:58 of 1st period - Mitchell Heard wins face-off versus Kasper Bjorkqvist in Wild zone.
2:51 of 1st period - Calvin De Haan is hit by Kasper Bjorkqvist and loses puck.
3:54 of 1st period - Shot by Jeremy Gregoire.
3:54 of 1st period - Goal by Jeremy Gregoire - Wild : 1 - Marlies : 0.
3:55 of 1st period - Victor Ejdsell wins face-off versus Joseph Gambardella in neutral zone.
3:57 of 1st period - Kristian Vesalainen is hit by Jalen Chatfield and loses puck.
4:08 of 1st period - Shot by Kristian Vesalainen.
4:08 of 1st period - Shot Misses the Net.
4:17 of 1st period - Brad Malone is hit by Jalen Chatfield and loses puck.
4:24 of 1st period - Shot by Brad Malone .
4:24 of 1st period - Stopped by Maxime Lagace without a rebound.
4:25 of 1st period - Danick Martel wins face-off versus Brad Malone in Wild zone.
4:25 of 1st period - Ben Gleason is hit by Brad Malone and loses puck.
4:42 of 1st period - Shot by Dominik Simon.
4:42 of 1st period - Stopped by Maxime Lagace without a rebound.
4:43 of 1st period - Cal O'Reilly wins face-off versus Lukas Jasek in Wild zone.
4:50 of 1st period - Shot by Cal O'Reilly.
4:50 of 1st period - Shot Misses the Net.
4:58 of 1st period - Ian McCoshen is hit by Kasper Bjorkqvist and loses puck.
5:18 of 1st period - Shot by Lukas Jasek.
5:18 of 1st period - Shot Misses the Net.
5:20 of 1st period - Shot by Scott Walford.
5:20 of 1st period - Stopped by Daniel Mannella without a rebound.
5:21 of 1st period - Dominik Simon wins face-off versus Anthony Louis in Marlies zone.
5:37 of 1st period - Dominik Simon is hit by Dillon Simpson and loses puck.
5:42 of 1st period - Shot by Brad Malone .
5:42 of 1st period - Shot Misses the Net.
6:07 of 1st period - Off-side.
6:08 of 1st period - Cal O'Reilly wins face-off versus Joseph Gambardella in neutral zone.
7:47 of 1st period - Icing by Josh Wesley.
7:48 of 1st period - Anthony Louis wins face-off versus Loui Eriksson in Marlies zone.
9:12 of 1st period - Icing by Jalen Chatfield.
9:13 of 1st period - Joseph Gambardella wins face-off versus Victor Ejdsell in Wild zone.
9:21 of 1st period - Minor Penalty to Ian McCoshen for Holding.
9:22 of 1st period - Joseph Gambardella wins face-off versus Brad Malone in Marlies zone.
9:23 of 1st period - Shot by Taylor Raddysh.
9:23 of 1st period - Stopped by Daniel Mannella without a rebound.
9:24 of 1st period - Brad Malone wins face-off versus Joseph Gambardella in Marlies zone.
9:55 of 1st period - Shot by Jeremy Gregoire.
9:55 of 1st period - Stopped by Daniel Mannella without a rebound.
9:56 of 1st period - Brad Malone wins face-off versus Anthony Louis in Marlies zone.
9:56 of 1st period - Brad Malone is hit by Tanner Pearson.
10:16 of 1st period - Shot by Ben Gleason.
10:16 of 1st period - Stopped by Daniel Mannella without a rebound.
10:17 of 1st period - Brad Malone wins face-off versus Joseph Gambardella in Marlies zone.
10:28 of 1st period - Shot by Ben Thomas.
10:28 of 1st period - Stopped by Daniel Mannella without a rebound.
10:29 of 1st period - Brad Malone wins face-off versus Joseph Gambardella in Marlies zone.
10:29 of 1st period - Brad Malone is hit by Taylor Raddysh.
11:14 of 1st period - Off-side.
11:15 of 1st period - Brad Malone wins face-off versus Anthony Louis in neutral zone.
11:23 of 1st period - Minor Penalty to Mitchell Heard for Hooking.
11:23 of 1st period - Double Minor Penalty to Kasper Bjorkqvist for Slashing.
11:24 of 1st period - Tanner Pearson wins face-off versus Brad Malone in neutral zone.
11:53 of 1st period - Shot by Dominik Simon.
11:53 of 1st period - Shot Misses the Net.
12:15 of 1st period - Shot by Anthony Louis.
12:15 of 1st period - Shot Misses the Net.
12:31 of 1st period - Ian McCoshen is hit by Anthony Louis and loses puck.
13:08 of 1st period - Shot by Anders Bjork.
13:08 of 1st period - Shot Misses the Net.
13:32 of 1st period - Shot by Josh Wesley.
13:32 of 1st period - Shot Misses the Net.
13:36 of 1st period - Shot by Cal O'Reilly.
13:36 of 1st period - Shot Misses the Net.
13:42 of 1st period - Shot by Loui Eriksson.
13:42 of 1st period - Stopped by Maxime Lagace without a rebound.
13:43 of 1st period - Tanner Pearson wins face-off versus Brad Malone in Wild zone.
13:43 of 1st period - Tanner Pearson is hit by Brad Malone .
14:10 of 1st period - Icing by Josh Wesley.
14:11 of 1st period - Michael Mersch wins face-off versus Brad Malone in Marlies zone.
14:20 of 1st period - Shot by Michael Mersch.
14:20 of 1st period - Stopped by Daniel Mannella with a rebound.
14:22 of 1st period - Shot by Joseph Gambardella.
14:22 of 1st period - Goal by Joseph Gambardella - Wild : 2 - Marlies : 0.
14:23 of 1st period - Cal O'Reilly wins face-off versus Tanner Pearson in neutral zone.
14:43 of 1st period - Icing by Tyler Lewington.
14:44 of 1st period - Tanner Pearson wins face-off versus Max McCormick in Marlies zone.
15:31 of 1st period - Yegor Rykov is hit by Michael Mersch and loses puck.
16:49 of 1st period - Shot by Kristian Vesalainen.
16:49 of 1st period - Deflect By Brad Malone .
16:49 of 1st period - Stopped by Maxime Lagace with a rebound.
16:51 of 1st period - Shot by Dylan Blujus.
16:51 of 1st period - Shot Blocked by Dillon Simpson.
16:53 of 1st period - Shot by Dylan Blujus.
16:53 of 1st period - Stopped by Maxime Lagace without a rebound.
16:54 of 1st period - Danick Martel wins face-off versus Cal O'Reilly in Wild zone.
17:11 of 1st period - Shot by Danick Martel.
17:11 of 1st period - Stopped by Daniel Mannella with a rebound.
17:21 of 1st period - Shot by Tyler Lewington.
17:21 of 1st period - Stopped by Maxime Lagace with a rebound.
17:23 of 1st period - Shot by Tyler Lewington.
17:23 of 1st period - Shot Blocked by Ben Thomas.
17:31 of 1st period - Shot by Max McCormick.
17:31 of 1st period - Deflect By Loui Eriksson.
17:31 of 1st period - Shot Misses the Net.
18:50 of 1st period - Shot by Jeremy Gregoire.
18:50 of 1st period - Shot Misses the Net.
18:54 of 1st period - Minor Penalty to Yegor Rykov for Holding.
18:54 of 1st period - Minor Penalty to Taylor Raddysh for Holding.
18:55 of 1st period - Brad Malone wins face-off versus Antti Suomela in Marlies zone.
19:12 of 1st period - Shot by Anders Bjork.
19:12 of 1st period - Shot Misses the Net.
19:14 of 1st period - Shot by Dillon Simpson.
19:14 of 1st period - Shot Misses the Net.
19:16 of 1st period - Shot by Anders Bjork.
19:16 of 1st period - Shot Blocked by Ian McCoshen.
19:20 of 1st period - Shot by Antti Suomela.
19:20 of 1st period - Shot Misses the Net.
19:24 of 1st period - Shot by Anders Bjork.
19:24 of 1st period - Stopped by Daniel Mannella without a rebound.
19:25 of 1st period - Brad Malone wins face-off versus Anthony Louis in Marlies zone.
Goals for this period are 2 for Wild vs 0 for Marlies.
Shots for this period are 10 for Wild vs 8 for Marlies.

2nd period


0:01 of 2nd period - Tanner Pearson wins face-off versus Brad Malone in neutral zone.
0:04 of 2nd period - Shot by Ben Gleason.
0:04 of 2nd period - Shot Misses the Net.
0:06 of 2nd period - Shot by Anders Bjork.
0:06 of 2nd period - Shot Blocked by Dylan Blujus.
0:08 of 2nd period - Shot by Anders Bjork.
0:08 of 2nd period - Shot Misses the Net.
0:10 of 2nd period - Shot by Tanner Pearson.
0:10 of 2nd period - Shot Misses the Net.
0:12 of 2nd period - Shot by Anders Bjork.
0:12 of 2nd period - Deflect By Tanner Pearson.
0:12 of 2nd period - Stopped by Daniel Mannella without a rebound.
0:13 of 2nd period - Brad Malone wins face-off versus Tanner Pearson in Marlies zone.
0:13 of 2nd period - Brad Malone is hit by Tanner Pearson.
0:35 of 2nd period - Shot by Anders Bjork.
0:35 of 2nd period - Stopped by Daniel Mannella without a rebound.
0:36 of 2nd period - Tanner Pearson wins face-off versus Brad Malone in Marlies zone.
0:45 of 2nd period - Shot by Dillon Simpson.
0:45 of 2nd period - Stopped by Daniel Mannella without a rebound.
0:46 of 2nd period - Brad Malone wins face-off versus Tanner Pearson in Marlies zone.
0:50 of 2nd period - Off-side.
0:51 of 2nd period - Tanner Pearson wins face-off versus Brad Malone in neutral zone.
0:51 of 2nd period - Tanner Pearson is hit by Brad Malone .
0:55 of 2nd period - Shot by Anders Bjork.
0:55 of 2nd period - Stopped by Daniel Mannella with a rebound.
1:21 of 2nd period - Shot by Taylor Raddysh.
1:21 of 2nd period - Shot Blocked by Ian McCoshen.
1:23 of 2nd period - Shot by Jeremy Gregoire.
1:23 of 2nd period - Stopped by Daniel Mannella without a rebound.
1:24 of 2nd period - Brad Malone wins face-off versus Anthony Louis in Marlies zone.
1:35 of 2nd period - Shot by Tim Schaller.
1:35 of 2nd period - Shot Misses the Net.
1:37 of 2nd period - Shot by Brad Malone .
1:37 of 2nd period - Goal by Brad Malone - Wild : 2 - Marlies : 1.
1:38 of 2nd period - Victor Ejdsell wins face-off versus Lukas Jasek in neutral zone.
1:46 of 2nd period - Off-side.
1:47 of 2nd period - Anthony Louis wins face-off versus Brad Malone in neutral zone.
2:11 of 2nd period - Icing by Tim Schaller.
2:12 of 2nd period - Joseph Gambardella wins face-off versus Brad Malone in Marlies zone.
2:24 of 2nd period - Joseph Gambardella is hit by Brad Malone .
3:06 of 2nd period - Shot by Max McCormick.
3:06 of 2nd period - Shot Misses the Net.
3:42 of 2nd period - Mathias Brome is hit by Tanner Pearson and loses puck.
3:47 of 2nd period - Shot by Anthony Louis.
3:47 of 2nd period - Shot Blocked by Yegor Rykov.
3:49 of 2nd period - Shot by Anders Bjork.
3:49 of 2nd period - Stopped by Daniel Mannella without a rebound.
3:50 of 2nd period - Lukas Jasek wins face-off versus Victor Ejdsell in Marlies zone.
3:50 of 2nd period - Kasper Bjorkqvist is hit by Ian McCoshen and loses puck.
3:55 of 2nd period - Shot by Lukas Jasek.
3:55 of 2nd period - Shot Misses the Net.
3:57 of 2nd period - Shot by Lukas Jasek.
3:57 of 2nd period - Goal by Lukas Jasek - Wild : 3 - Marlies : 1.
3:58 of 2nd period - Victor Ejdsell wins face-off versus Anthony Louis in neutral zone.
4:31 of 2nd period - Shot by Anders Bjork.
4:31 of 2nd period - Shot Misses the Net.
4:33 of 2nd period - Shot by Anders Bjork.
4:33 of 2nd period - Goal by Anders Bjork - Wild : 4 - Marlies : 1.
4:33 of 2nd period - Cale Morris enters game.
4:34 of 2nd period - Cal O'Reilly wins face-off versus Lukas Jasek in neutral zone.
4:39 of 2nd period - Shot by Dylan Blujus.
4:39 of 2nd period - Shot Misses the Net.
5:05 of 2nd period - Shot by Michael Mersch.
5:05 of 2nd period - Stopped by Cale Morris without a rebound.
5:06 of 2nd period - Mitchell Heard wins face-off versus Danick Martel in Marlies zone.
5:16 of 2nd period - Icing by Tyler Lewington.
5:17 of 2nd period - Anthony Louis wins face-off versus Mitchell Heard in Marlies zone.
5:17 of 2nd period - Anders Bjork is hit by Tyler Lewington and loses puck.
5:57 of 2nd period - Off-side.
5:58 of 2nd period - Joseph Gambardella wins face-off versus Victor Ejdsell in neutral zone.
6:03 of 2nd period - Ben Gleason is hit by Brad Malone and loses puck.
6:12 of 2nd period - Shot by Dylan Blujus.
6:12 of 2nd period - Shot Misses the Net.
6:14 of 2nd period - Shot by Brad Malone .
6:14 of 2nd period - Stopped by Maxime Lagace without a rebound.
6:15 of 2nd period - Cal O'Reilly wins face-off versus Lukas Jasek in Wild zone.
6:17 of 2nd period - Max McCormick is hit by Scott Walford and loses puck.
6:52 of 2nd period - Shot by Michael Mersch.
6:52 of 2nd period - Stopped by Cale Morris without a rebound.
6:53 of 2nd period - Anthony Louis wins face-off versus Brad Malone in Marlies zone.
7:06 of 2nd period - Shot by Anthony Louis.
7:06 of 2nd period - Stopped by Cale Morris with a rebound.
7:37 of 2nd period - Icing by Calvin De Haan.
7:38 of 2nd period - Dominik Simon wins face-off versus Joseph Gambardella in Marlies zone.
7:55 of 2nd period - Shot by Cal O'Reilly.
7:55 of 2nd period - Shot Blocked by Taylor Raddysh.
7:57 of 2nd period - Shot by Tyler Lewington.
7:57 of 2nd period - Stopped by Maxime Lagace without a rebound.
7:58 of 2nd period - Cal O'Reilly wins face-off versus Lukas Jasek in Wild zone.
8:38 of 2nd period - Shot by Loui Eriksson.
8:38 of 2nd period - Deflect By Cal O'Reilly.
8:38 of 2nd period - Shot Misses the Net.
9:07 of 2nd period - Shot by Josh Wesley.
9:07 of 2nd period - Shot Misses the Net.
9:17 of 2nd period - Shot by Anders Bjork.
9:17 of 2nd period - Stopped by Cale Morris without a rebound.
9:18 of 2nd period - Joseph Gambardella wins face-off versus Mitchell Heard in Marlies zone.
9:58 of 2nd period - Shot by Mitchell Heard.
9:58 of 2nd period - Shot Misses the Net.
10:05 of 2nd period - Icing by Jalen Chatfield.
10:06 of 2nd period - Cal O'Reilly wins face-off versus Joseph Gambardella in Wild zone.
10:22 of 2nd period - Off-side.
10:23 of 2nd period - Anthony Louis wins face-off versus Victor Ejdsell in neutral zone.
10:53 of 2nd period - Shot by Victor Ejdsell.
10:53 of 2nd period - Stopped by Maxime Lagace without a rebound.
10:54 of 2nd period - Cal O'Reilly wins face-off versus Lukas Jasek in Wild zone.
10:59 of 2nd period - Shot by Max McCormick.
10:59 of 2nd period - Stopped by Maxime Lagace without a rebound.
11:00 of 2nd period - Cal O'Reilly wins face-off versus Lukas Jasek in Wild zone.
11:04 of 2nd period - Max McCormick is hit by Eemeli Rasanen and loses puck.
11:27 of 2nd period - Cal O'Reilly is hit by Michael Mersch.
11:28 of 2nd period - Icing by Cal O'Reilly.
11:29 of 2nd period - Cal O'Reilly wins face-off versus Anthony Louis in Marlies zone.
11:34 of 2nd period - Shot by Cal O'Reilly.
11:34 of 2nd period - Goal by Cal O'Reilly - Wild : 4 - Marlies : 2.
11:35 of 2nd period - Brad Malone wins face-off versus Tanner Pearson in neutral zone.
11:35 of 2nd period - Tim Schaller is hit by Tanner Pearson and loses puck.
12:06 of 2nd period - Brad Malone is hit by Dillon Simpson.
12:08 of 2nd period - Shot by Tim Schaller.
12:08 of 2nd period - Goal by Tim Schaller - Wild : 4 - Marlies : 3.
12:09 of 2nd period - Jeremy Gregoire wins face-off versus Cal O'Reilly in neutral zone.
12:16 of 2nd period - Shot by Taylor Raddysh.
12:16 of 2nd period - Shot Misses the Net.
12:22 of 2nd period - Shot by Max McCormick.
12:22 of 2nd period - Shot Misses the Net.
12:28 of 2nd period - Dylan Blujus is hit by Joseph Gambardella and loses puck.
13:09 of 2nd period - Icing by Calvin De Haan.
13:10 of 2nd period - Anthony Louis wins face-off versus Cal O'Reilly in Marlies zone.
13:50 of 2nd period - Icing by Tanner Pearson.
13:51 of 2nd period - Brad Malone wins face-off versus Anthony Louis in Wild zone.
13:51 of 2nd period - Dominik Simon is hit by Ben Gleason and loses puck.
13:59 of 2nd period - Icing by Ben Gleason.
14:00 of 2nd period - Anthony Louis wins face-off versus Tim Schaller in Wild zone.
14:19 of 2nd period - Shot by Tim Schaller.
14:19 of 2nd period - Shot Misses the Net.
14:21 of 2nd period - Shot by Tim Schaller.
14:21 of 2nd period - Shot Blocked by Ben Gleason.
15:18 of 2nd period - Victor Ejdsell is hit by Jalen Chatfield and loses puck.
16:18 of 2nd period - Shot by Loui Eriksson.
16:18 of 2nd period - Stopped by Maxime Lagace with a rebound.
16:20 of 2nd period - Shot by Ian McCoshen.
16:20 of 2nd period - Shot Blocked by Jalen Chatfield.
16:32 of 2nd period - Shot by Cal O'Reilly.
16:32 of 2nd period - Stopped by Maxime Lagace with a rebound.
16:58 of 2nd period - Shot by Kristian Vesalainen.
16:58 of 2nd period - Stopped by Maxime Lagace without a rebound.
16:59 of 2nd period - Brad Malone wins face-off versus Anthony Louis in Wild zone.
16:59 of 2nd period - Tim Schaller is hit by Ben Gleason.
17:14 of 2nd period - Icing by Dillon Simpson.
17:15 of 2nd period - Mitchell Heard wins face-off versus Anthony Louis in Wild zone.
17:16 of 2nd period - Shot by Dominik Simon.
17:16 of 2nd period - Stopped by Maxime Lagace with a rebound.
17:39 of 2nd period - Minor Penalty to Tanner Pearson for Tripping.
17:40 of 2nd period - Michael Mersch wins face-off versus Cal O'Reilly in Wild zone.
18:07 of 2nd period - Shot by Max McCormick.
18:07 of 2nd period - Stopped by Maxime Lagace with a rebound.
18:09 of 2nd period - Shot by Cal O'Reilly.
18:09 of 2nd period - Shot Misses the Net.
18:11 of 2nd period - Shot by Loui Eriksson.
18:11 of 2nd period - Shot Misses the Net.
18:13 of 2nd period - Shot by Cal O'Reilly.
18:13 of 2nd period - Stopped by Maxime Lagace without a rebound.
18:14 of 2nd period - Antti Suomela wins face-off versus Brad Malone in Wild zone.
18:42 of 2nd period - Icing by Ian McCoshen.
18:43 of 2nd period - Brad Malone wins face-off versus Michael Mersch in Marlies zone.
19:03 of 2nd period - Max McCormick is hit by Michael Mersch and loses puck.
19:08 of 2nd period - Shot by Ben Gleason.
19:08 of 2nd period - Stopped by Cale Morris with a rebound.
19:26 of 2nd period - Shot by Max McCormick.
19:26 of 2nd period - Shot Misses the Net.
Goals for this period are 2 for Wild vs 3 for Marlies.
Shots for this period are 13 for Wild vs 13 for Marlies.

3rd period


0:01 of 3rd period - Brad Malone wins face-off versus Anthony Louis in neutral zone.
0:13 of 3rd period - Dillon Simpson is hit by Calvin De Haan and loses puck.
0:16 of 3rd period - Shot by Anthony Louis.
0:16 of 3rd period - Stopped by Cale Morris with a rebound.
0:18 of 3rd period - Shot by Anthony Louis.
0:18 of 3rd period - Stopped by Cale Morris without a rebound.
0:19 of 3rd period - Cal O'Reilly wins face-off versus Joseph Gambardella in Marlies zone.
0:33 of 3rd period - Icing by Ben Thomas.
0:34 of 3rd period - Joseph Gambardella wins face-off versus Dominik Simon in Wild zone.
0:36 of 3rd period - Icing by Taylor Raddysh.
0:37 of 3rd period - Brad Malone wins face-off versus Joseph Gambardella in Wild zone.
0:37 of 3rd period - Brad Malone is hit by Ben Thomas.
1:06 of 3rd period - Shot by Tim Schaller.
1:06 of 3rd period - Shot Blocked by Taylor Raddysh.
1:08 of 3rd period - Shot by Dylan Blujus.
1:08 of 3rd period - Stopped by Maxime Lagace without a rebound.
1:09 of 3rd period - Anthony Louis wins face-off versus Cal O'Reilly in Wild zone.
1:44 of 3rd period - Icing by Max McCormick.
1:45 of 3rd period - Lukas Jasek wins face-off versus Cal O'Reilly in Marlies zone.
1:48 of 3rd period - Shot by Kasper Bjorkqvist.
1:48 of 3rd period - Stopped by Cale Morris without a rebound.
1:49 of 3rd period - Brad Malone wins face-off versus Lukas Jasek in Marlies zone.
1:49 of 3rd period - Dominik Simon is hit by Michael Mersch and loses puck.
1:58 of 3rd period - Shot by Dominik Simon.
1:58 of 3rd period - Shot Misses the Net.
3:02 of 3rd period - Dillon Simpson is hit by Brad Malone and loses puck.
3:19 of 3rd period - Icing by Tanner Pearson.
3:20 of 3rd period - Anthony Louis wins face-off versus Cal O'Reilly in Wild zone.
3:20 of 3rd period - Anthony Louis is hit by Max McCormick.
3:30 of 3rd period - Shot by Tanner Pearson.
3:30 of 3rd period - Shot Misses the Net.
4:08 of 3rd period - Shot by Kristian Vesalainen.
4:08 of 3rd period - Stopped by Maxime Lagace without a rebound.
4:09 of 3rd period - Joseph Gambardella wins face-off versus Victor Ejdsell in Wild zone.
4:30 of 3rd period - Shot by Jeremy Gregoire.
4:30 of 3rd period - Shot Blocked by Kristian Vesalainen.
4:32 of 3rd period - Shot by Jeremy Gregoire.
4:32 of 3rd period - Stopped by Cale Morris with a rebound.
5:13 of 3rd period - Minor Penalty to Calvin De Haan for Holding.
5:14 of 3rd period - Anthony Louis wins face-off versus Cal O'Reilly in Marlies zone.
5:19 of 3rd period - Shot by Anthony Louis.
5:19 of 3rd period - Stopped by Cale Morris with a rebound.
5:21 of 3rd period - Shot by Jalen Chatfield.
5:21 of 3rd period - Stopped by Cale Morris with a rebound.
6:11 of 3rd period - Shot by Taylor Raddysh.
6:11 of 3rd period - Stopped by Cale Morris without a rebound.
6:12 of 3rd period - Brad Malone wins face-off versus Joseph Gambardella in Marlies zone.
6:45 of 3rd period - Off-side.
6:46 of 3rd period - Cal O'Reilly wins face-off versus Anthony Louis in neutral zone.
6:59 of 3rd period - Jalen Chatfield is hit by Max McCormick and loses puck.
7:08 of 3rd period - Cal O'Reilly is hit by Tanner Pearson and loses puck.
7:19 of 3rd period - Shot by Kristian Vesalainen.
7:19 of 3rd period - Shot Misses the Net.
7:21 of 3rd period - Shot by Victor Ejdsell.
7:21 of 3rd period - Shot Blocked by Scott Walford.
7:23 of 3rd period - Shot by Calvin De Haan.
7:23 of 3rd period - Stopped by Maxime Lagace with a rebound.
7:27 of 3rd period - Shot by Victor Ejdsell.
7:27 of 3rd period - Deflect By Kristian Vesalainen.
7:27 of 3rd period - Stopped by Maxime Lagace without a rebound.
7:28 of 3rd period - Lukas Jasek wins face-off versus Mitchell Heard in Wild zone.
7:56 of 3rd period - Shot by Kasper Bjorkqvist.
7:56 of 3rd period - Goal by Kasper Bjorkqvist - Wild : 5 - Marlies : 3.
7:57 of 3rd period - Joseph Gambardella wins face-off versus Cal O'Reilly in neutral zone.
7:59 of 3rd period - Dillon Simpson is hit by Ian McCoshen and loses puck.
8:02 of 3rd period - Shot by Joseph Gambardella.
8:02 of 3rd period - Stopped by Cale Morris without a rebound.
8:03 of 3rd period - Cal O'Reilly wins face-off versus Joseph Gambardella in Marlies zone.
8:03 of 3rd period - Cal O'Reilly is hit by Taylor Raddysh.
8:08 of 3rd period - Icing by Loui Eriksson.
8:09 of 3rd period - Cal O'Reilly wins face-off versus Danick Martel in Marlies zone.
8:38 of 3rd period - Loui Eriksson is hit by Danick Martel.
9:15 of 3rd period - Ben Thomas is hit by Tyler Lewington and loses puck.
9:59 of 3rd period - Shot by Kasper Bjorkqvist.
9:59 of 3rd period - Shot Misses the Net.
10:01 of 3rd period - Shot by Eemeli Rasanen.
10:01 of 3rd period - Stopped by Cale Morris without a rebound.
10:02 of 3rd period - Victor Ejdsell wins face-off versus Anders Bjork in Marlies zone.
10:17 of 3rd period - Shot by Kristian Vesalainen.
10:17 of 3rd period - Shot Blocked by Ben Gleason.
10:19 of 3rd period - Shot by Yegor Rykov.
10:19 of 3rd period - Deflect By Kristian Vesalainen.
10:19 of 3rd period - Shot Misses the Net.
10:21 of 3rd period - Shot by Victor Ejdsell.
10:21 of 3rd period - Shot Misses the Net.
10:23 of 3rd period - Shot by Victor Ejdsell.
10:23 of 3rd period - Stopped by Maxime Lagace without a rebound.
10:24 of 3rd period - Lukas Jasek wins face-off versus Cal O'Reilly in Wild zone.
10:29 of 3rd period - Shot by Michael Mersch.
10:29 of 3rd period - Stopped by Cale Morris without a rebound.
10:29 of 3rd period - Cale Morris from Marlies is injured at 10:29 of 3rd period (Head).
10:29 of 3rd period - Daniel Mannella enters game.
10:30 of 3rd period - Cal O'Reilly wins face-off versus Joseph Gambardella in Marlies zone.
10:30 of 3rd period - Cal O'Reilly is hit by Jeremy Gregoire.
10:31 of 3rd period - Minor Penalty to Jeremy Gregoire for Holding.
10:32 of 3rd period - Tanner Pearson wins face-off versus Cal O'Reilly in Wild zone.
11:07 of 3rd period - Shot by Dylan Blujus.
11:07 of 3rd period - Stopped by Maxime Lagace without a rebound.
11:08 of 3rd period - Anthony Louis wins face-off versus Brad Malone in Wild zone.
11:25 of 3rd period - Shot by Brad Malone .
11:25 of 3rd period - Deflect By Dominik Simon.
11:25 of 3rd period - Shot Misses the Net.
11:35 of 3rd period - Shot by Tanner Pearson.
11:35 of 3rd period - Stopped by Daniel Mannella with a rebound.
11:37 of 3rd period - Shot by Anders Bjork.
11:37 of 3rd period - Stopped by Daniel Mannella with a rebound.
11:56 of 3rd period - Icing by Ian McCoshen.
11:57 of 3rd period - Brad Malone wins face-off versus Anthony Louis in Marlies zone.
12:54 of 3rd period - Shot by Brad Malone .
12:54 of 3rd period - Shot Blocked by Eemeli Rasanen.
12:56 of 3rd period - Shot by Victor Ejdsell.
12:56 of 3rd period - Shot Misses the Net.
13:12 of 3rd period - Shot by Scott Walford.
13:12 of 3rd period - Stopped by Daniel Mannella with a rebound.
13:24 of 3rd period - Shot by Mathias Brome .
13:24 of 3rd period - Stopped by Maxime Lagace without a rebound.
13:25 of 3rd period - Joseph Gambardella wins face-off versus Cal O'Reilly in Wild zone.
13:27 of 3rd period - Icing by Jeremy Gregoire.
13:28 of 3rd period - Joseph Gambardella wins face-off versus Cal O'Reilly in Wild zone.
13:28 of 3rd period - Joseph Gambardella is hit by Max McCormick.
13:29 of 3rd period - Minor Penalty to Ian McCoshen for Roughing.
13:30 of 3rd period - Brad Malone wins face-off versus Anthony Louis in Marlies zone.
13:30 of 3rd period - Brad Malone is hit by Anders Bjork.
14:02 of 3rd period - Shot by Anthony Louis.
14:02 of 3rd period - Shot Misses the Net.
14:08 of 3rd period - Shot by Anthony Louis.
14:08 of 3rd period - Shot Misses the Net.
14:42 of 3rd period - Shot by Taylor Raddysh.
14:42 of 3rd period - Stopped by Daniel Mannella without a rebound.
14:43 of 3rd period - Dominik Simon wins face-off versus Joseph Gambardella in Marlies zone.
14:59 of 3rd period - Max McCormick is hit by Taylor Raddysh and loses puck.
15:35 of 3rd period - Icing by Lukas Jasek.
15:36 of 3rd period - Lukas Jasek wins face-off versus Cal O'Reilly in Wild zone.
15:47 of 3rd period - Shot by Kasper Bjorkqvist.
15:47 of 3rd period - Deflect By Lukas Jasek.
15:47 of 3rd period - Stopped by Daniel Mannella without a rebound.
15:48 of 3rd period - Victor Ejdsell wins face-off versus Anthony Louis in Marlies zone.
15:48 of 3rd period - Victor Ejdsell is hit by Anders Bjork.
16:34 of 3rd period - Icing by Dylan Blujus.
16:35 of 3rd period - Cal O'Reilly wins face-off versus Lukas Jasek in Marlies zone.
16:40 of 3rd period - Shot by Cal O'Reilly.
16:40 of 3rd period - Stopped by Maxime Lagace without a rebound.
16:41 of 3rd period - Joseph Gambardella wins face-off versus Cal O'Reilly in Wild zone.
16:55 of 3rd period - Shot by Taylor Raddysh.
16:55 of 3rd period - Stopped by Daniel Mannella without a rebound.
16:56 of 3rd period - Mitchell Heard wins face-off versus Lukas Jasek in Marlies zone.
17:27 of 3rd period - Minor Penalty to Mitchell Heard for Hooking.
17:28 of 3rd period - Anthony Louis wins face-off versus Brad Malone in Marlies zone.
18:09 of 3rd period - Shot by Anthony Louis.
18:09 of 3rd period - Shot Misses the Net.
18:41 of 3rd period - Shot by Taylor Raddysh.
18:41 of 3rd period - Shot Misses the Net.
18:43 of 3rd period - Shot by Taylor Raddysh.
18:43 of 3rd period - Stopped by Daniel Mannella without a rebound.
18:44 of 3rd period - Brad Malone wins face-off versus Anthony Louis in Marlies zone.
19:37 of 3rd period - Shot by Kasper Bjorkqvist.
19:37 of 3rd period - Shot Misses the Net.
Goals for this period are 1 for Wild vs 0 for Marlies.
Shots for this period are 18 for Wild vs 8 for Marlies.